 Dungeon Crawl Stone Soup version 0.19.5 (webtiles) character file.

101 nalnalital the Conjurer (level 4, 0/40 HPs)
             Began as a Troll Conjurer on May 20, 2017.
             Slain by Purgy (3 damage)
             ... on level 2 of the Dungeon.
             The game lasted 00:23:43 (1211 turns).

nalnalital the Conjurer (Troll Conjurer)            Turns: 1211, Time: 00:23:47

Health: 0/40       AC:  5    Str: 16    XL:     4   Next: 48%
Magic:  4/4        EV: 12    Int: 12    God:
Gold:   56         SH:  0    Dex: 10    Spells: 2 memorised, 1 level left

rFire  . . .     SeeInvis .     p - +0 mace
rCold  . . .     Gourm    +     a - +0 robe
rNeg   . . .     Faith    .     (no shield)
rPois  .         Spirit   .     (helmet restricted)
rElec  .         Reflect  .     (no cloak)
rCorr  .         Harm     .     (gloves unavailable)
MR     .....                    (boots unavailable)
Stlth  ++........               (no amulet)
                                (no ring)
                                o - +2 ring of evasion

@: no status effects
A: unfitting armour, claws 3, fast metabolism 3, gourmand, regeneration 1,
shaggy fur 1, tough skin 2
a: no special abilities


You were on level 2 of the Dungeon.
You were full.

You visited 1 branch of the dungeon, and saw 3 of its levels.

You collected 56 gold pieces.

Inventory:

Hand Weapons
 e - a +0 dagger
 n - a +0 falchion
 p - a +0 mace (weapon)
Armour
 a - a +0 robe (worn)
Jewellery
 o - a +2 ring of evasion (left claw)
Scrolls
 j - a scroll of magic mapping
Potions
 d - a potion of degeneration {unknown}
 f - a potion of heal wounds {unknown}
 g - a potion of curing
 h - a potion of brilliance {unknown}
 i - a potion of might {unknown}
Books
 b - a book of Conjurations

   Spells                             Type                      Level
   a - Magic Dart                     Conjuration                  1
   b - Searing Ray                    Conjuration                  2
   c - Dazzling Spray                 Conjuration/Hexes            3
   d - Fulminant Prism                Conjuration/Hexes            4
   e - Iskenderun's Mystic Blast      Conjuration                  4
   f - Iskenderun's Battlesphere      Conjuration/Charms           5
Comestibles
 c - a bread ration


   Skills:
 + Level 0.8 Fighting
 + Level 1.4 Short Blades
 + Level 0.3 Maces & Flails
 + Level 2.1 Dodging
 + Level 1.4 Stealth
 + Level 1.2 Spellcasting
 + Level 3.4 Conjurations


You had one spell level left.
You knew the following spells:

 Your Spells              Type           Power        Failure   Level  Hunger
a - Magic Dart            Conj           #...         10%         1    ##.....
b - Dazzling Spray        Conj/Hex       #.....       43%         3    ####...


Dungeon Overview and Level Annotations

Branches:
Dungeon (3/15)

Altars:

Annotations:
D:2 Purgy


Innate Abilities, Weirdness & Mutations

You are too large for most types of armour.
You have claws for hands.
Your metabolism is lightning-fast.
You like to eat raw meat.
Your natural rate of healing is unusually fast.
You are covered in fur. (AC +1)
You have very tough skin. (AC +2)


Message History

Purgy is lightly wounded.
Purgy bites you.
* * * LOW HITPOINT WARNING * * *
Purgy claws you but does no damage. x2
You hit Purgy.
Purgy is lightly wounded.
Purgy bites you but does no damage. Purgy barely misses you. Purgy claws you.
* * * LOW HITPOINT WARNING * * *
Purgy misses you. Purgy barely misses you. Purgy claws you but does no damage.
You hit Purgy.
Purgy is moderately wounded.
Purgy misses you. Purgy barely misses you. Purgy misses you.
You closely miss Purgy.
Purgy is moderately wounded.
Purgy closely misses you. Purgy misses you. Purgy claws you.
* * * LOW HITPOINT WARNING * * *
Purgy barely misses you. Purgy claws you.
* * * LOW HITPOINT WARNING * * *
Purgy claws you.
You die...

.................######..........
..........#.#................#...
..........#......................
.................................
......(.<.......................#
###.......[.............#......##
###............###+####.#......##
...............T...####.#.......#
.......#.......#@.....#.##+#.....
.......##......'......'.##.#.....
...............#......#..........
...............#.................
...............#................#
...............#............<...#
.######........##.......##.....##
.######........##.......##.....##
.##............##.......##.......


You could see Purgy.

Vanquished Creatures
  An orc wizard (D:3)
  Terence (D:3)
  An adder (D:2)
  A worm (D:2)
  A leopard gecko (D:2)
  3 orcs (D:2)
  A bat (D:1)
  4 giant cockroaches
  4 goblins
  2 hobgoblins
  5 jackals
  2 kobolds
  2 frilled lizards
  4 rats (D:1)
32 creatures vanquished.

Notes
Turn   | Place    | Note
-------+----------+-------------------------------------------
     0 | D:1      | nalnalital the Troll Conjurer began the quest for the Orb.
     0 | D:1      | Reached XP level 1. HP: 16/16 MP: 1/1
    22 | D:1      | Reached skill level 3 in Conjurations
   193 | D:1      | Reached XP level 2. HP: 24/24 MP: 2/2
   481 | D:3      | Noticed Purgy
   552 | D:3      | Noticed Terence
   754 | D:2      | Paralysed by fainting for 12 turns
   823 | D:2      | Reached XP level 3. HP: 10/31 MP: 3/3
   932 | D:2      | Learned a level 3 spell: Dazzling Spray
   967 | D:2      | Reached skill level 1 in Short Blades
   990 | D:3      | Reached XP level 4. HP: 33/40 MP: 4/4
  1027 | D:3      | Killed Terence
  1183 | D:2      | HP: 2/40 [Purgy (2)]
  1211 | D:2      | Slain by Purgy

Skill      XL: |  1  2  3  4 |
---------------+-------------+-----
Conjurations   | 3 |  3.4
Short Blades   | 1 |  1.4
Dodging        | 2 |  2.1
Fighting       | |  0.8
Maces & Flails | |  0.3
Stealth        | |  1.4
Spellcasting   | |  1.2

Action                   |  1- 3 |  4- 6 || total
-------------------------+-------+-------++-------
Melee: Dagger            |   207 |       ||   207
       Mace              |    20 |    54 ||    74
  Use: Scroll            |     4 |       ||     4
 Stab: Sleeping          |     3 |       ||     3
  Eat: Fruit             |     2 |       ||     2
       Bread ration      |     1 |     2 ||     3
Armor: Robe              |    81 |    90 ||   171
Dodge: Dodged            |   132 |   135 ||   267
